 Dungeon Crawl Stone Soup version 0.16-a0-1982-g8124c91 (webtiles) character file.

15 RobertPalmer the Insei (level 2, 0/21 HPs)
             Began as a Demonspawn Transmuter on Nov 8, 2014.
             Slain by a hobgoblin
             ... wielding a +0 club
              (5 damage)
             ... on level 1 of the Dungeon.
             The game lasted 00:00:44 (891 turns).

RobertPalmer the Insei (Demonspawn Transmuter)       Turns: 891, Time: 00:00:44

Health: 0/21       AC:  2    Str: 10    XL:     2   Next: 34%
Magic:  4/4        EV: 12    Int: 14    God:
Gold:   60         SH:  0    Dex: 13    Spells: 1 memorised, 4 levels left

rFire  . . .     SeeInvis .       - Unarmed
rCold  . . .     Clarity  .     c - +0 robe
rNeg   . . .     SustAb   .     (no shield)
rPois  .         Gourm    .     (no helmet)
rElec  .         Spirit   .     (no cloak)
rCorr  .         Warding  .     (no gloves)
rMut   .         Stasis   .     (no boots)
MR     .....                    (no amulet)
Stlth  +.........               (no ring)
                                (no ring)

@: not resistant to hostile enchantments, very unstealthy
A: powered by death 1
a: no special abilities


You were on level 1 of the Dungeon.
You were not hungry.

You visited 1 branch of the dungeon, and saw 1 of its levels.

You collected 60 gold pieces.


Innate Abilities, Weirdness & Mutations

You can steal the life force of nearby defeated enemies.


   Skills:
 - Level 1.0 Fighting
 - Level 1.7 Dodging
 + Level 3.4 Unarmed Combat
 - Level 2.0 Spellcasting
 - Level 1.7 Transmutations


You had 4 spell levels left.
You knew the following spells:

 Your Spells              Type           Power        Failure   Level  Hunger
z - Beastly Appendage     Trmt           #.....       14%         1    ##.....

Inventory:

Missiles
 b - 12 arrows
 j - 9 arrows of flame
Armour
 c - a +0 robe (worn)
Jewellery
 m - an uncursed ring of protection from fire {unknown}
Scrolls
 g - a scroll of enchant weapon {unknown}
 h - a scroll of remove curse {unknown}
 i - a scroll of identify {unknown}
 l - a scroll of fear {unknown}
 n - a scroll of teleportation {unknown}
Potions
 e - a potion of heal wounds {unknown}
 f - a potion of confusion {unknown}
 k - a potion of cure mutation {unknown}
 o - a potion of porridge
Books
 d - a book of Changes
Comestibles
 a - 2 bread rations

Dungeon Overview and Level Annotations

Branches:
Dungeon (1/15)

Altars:
Xom

..............# #..
#.#####.####># #..
##.†.###.# ###
#.....##.# ##...###.#
##.## #)####### #.#
#.......# #.#
#######.##### #@#
#........# #.g.#
#.##.###[# #.....#
#.##.##..# #.......#
#.#......#
#.........###....##..#
+.........+...........
#.........###....##...
#.......####.........
... ###...#####.#.


You could see a hobgoblin.


Message History

A rat comes into view.
A rat is nearby!
A rat is nearby!
A rat is nearby!
You hit the rat.
You kill the rat!
No target in view!
No target in view!
No target in view!
You open the door.
A hobgoblin comes into view. It is wielding a club.
The hobgoblin shouts!
A hobgoblin is nearby!
A hobgoblin is nearby!
A hobgoblin is nearby!
The hobgoblin hits you with a club.
There is an open door here.
You closely miss the hobgoblin. The hobgoblin closely misses you.
You barely miss the hobgoblin. The hobgoblin hits you with a club.
You barely miss the hobgoblin. The hobgoblin hits you with a club.
* * * LOW HITPOINT WARNING * * *
You hit the hobgoblin.
The hobgoblin is heavily wounded.
You hit the hobgoblin but do no damage.
The hobgoblin is heavily wounded.
The hobgoblin barely misses you.
You closely miss the hobgoblin.
The hobgoblin is heavily wounded.
The hobgoblin hits you with a club.
You die...

Action                   || total
-------------------------++-------
Melee: Unarmed           ||    52

Vault maps used:
D:1:      lemuel_arrival_room, moated_statue, xom_teletrap_fun

Notes
Turn   | Place    | Note
--------------------------------------------------------------
     0 | D:1      | RobertPalmer, the Demonspawn Transmuter, began the quest for the Orb.
     0 | D:1      | Reached XP level 1. HP: 15/15 MP: 3/3
   213 | D:1      | Reached skill level 3 in Unarmed Combat
   768 | D:1      | Gained mutation: You can steal the life force of nearby defeated enemies. [demonic ancestry]
   768 | D:1      | Reached XP level 2. HP: 19/21 MP: 4/4
   789 | D:1      | Found a shimmering altar of Xom.
   891 | D:1      | Slain by a hobgoblin

Vanquished Creatures
  A giant gecko (D:1)
  A hobgoblin (D:1)
  2 kobolds (D:1)
  3 bats (D:1)
  2 giant newts (D:1)
  A goblin (D:1)
  3 jackals (D:1)
  2 rats (D:1)
15 creatures vanquished.
